 Dungeon Crawl Stone Soup version 0.17.0-57-g0e89251 (webtiles) character file.

5669 Peloso the Carver (level 10, -6/91 HPs)
             Began as a Minotaur Fighter on Dec 8, 2015.
             Was a Priest of Okawaru.
             Mangled by an orc warrior
             ... wielding a +0 glaive
              (13 damage)
             ... on level 9 of the Dungeon.
             The game lasted 00:31:54 (7131 turns).

Peloso the Carver (Minotaur Fighter)                Turns: 7131, Time: 00:31:54

Health: -6/91      AC: 18    Str: 23    XL:     10   Next: 47%
Magic:  9/9        EV: 10    Int: 10    God:    Okawaru [***...]
Gold:   560        SH:  0    Dex: 11    Spells: 0 memorised, 9 levels left

rFire  . . .     SeeInvis .     a - +1 long sword
rCold  . . .     Clarity  .     l - -1 plate armour (curse)
rNeg   . . .     SustAt   .     c - +0 shield
rPois  .         Gourm    .     (helmet restricted)
rElec  .         Spirit   .     o - +0 cloak (curse)
rCorr  .         Warding  .     (no gloves)
rMut   .         Stasis   .     C - +0 pair of boots
MR     .....                    (no amulet)
Stlth  ..........               (no ring)
                                t - +5 ring of intelligence

@: confused, heroism, marked, slowed, very slow, not resistant to hostile
enchantments, extremely unstealthy
A: retaliatory headbutt, horns 2
a: Heroism, Renounce Religion


You were on level 9 of the Dungeon.
You worshipped Okawaru.
Okawaru was most pleased with you.
You were very hungry.

You visited 2 branches of the dungeon, and saw 10 of its levels.

You collected 560 gold pieces.

Inventory:

Hand Weapons
 a - a +1 long sword (weapon)
Armour
 c - a +0 shield (worn)
 h - a +0 chain mail
 l - a cursed -1 plate armour (worn)
 o - a cursed +0 cloak (worn)
 x - a +1 plate armour
 C - a +0 pair of boots (worn)
Jewellery
 t - a +5 ring of intelligence (left hand)
Wands
 d - a wand of digging (23)
Scrolls
 b - 2 scrolls of recharging
 g - 4 scrolls of remove curse
 q - a scroll of magic mapping
 r - 2 scrolls of identify
 v - a scroll of fear
 A - 4 scrolls of teleportation
Potions
 j - 5 potions of curing
 n - a potion of brilliance
 p - 2 potions of magic
 s - a potion of invisibility {unknown}
 u - 4 potions of agility
 B - 2 potions of might
Books
 f - Asut's Guide on Ignition and Conjuration
   (You found it on level 4 of the Dungeon)

   Spells                             Type                      Level
   a - Flame Tongue                   Conjuration/Fire             1
   b - Throw Flame                    Conjuration/Fire             2
   c - Ignite Poison                  Fire/Transmutation/Poison    3
   d - Bolt of Magma                  Conjuration/Fire/Earth       5
Comestibles
 e - 7 bread rations
 i - 4 meat rations
 k - 7 fruits
 w - 9 slices of pizza


   Skills:
 + Level 9.6(14.6) Fighting
 + Level 10.2(15.2) Long Blades
 + Level 0.4(5.4) Throwing
 + Level 9.5(14.5) Armour
 + Level 3.1(8.1) Dodging
 + Level 0.8(5.8) Stealth
 + Level 9.7(14.7) Shields
 + Level 0.8 Invocations
 + Level 0.3 Evocations


You had 9 spell levels left.
You didn't know any spells.

Dungeon Overview and Level Annotations

Branches:
Dungeon (9/15)             Temple (1/1) D:6            Lair (0/8) D:8
    Orc: D:9-12

Altars:
Ashenzari
Cheibriados
Dithmenos
Elyvilon
Fedhas
Gozag
Kikubaaqudgha
Makhleb
Nemelex Xobeh
Okawaru
Qazlal
Ru
Sif Muna
Trog
Vehumet
Xom
Yredelemnul
Zin
The Shining One
Jiyva

Annotations:
D:9 Erica


Innate Abilities, Weirdness & Mutations

You reflexively headbutt those who attack you in melee.
You have a pair of horns on your head.


Message History

Something burns you.
* * * LOW HITPOINT WARNING * * *
Unknown command.
You slash something! You headbutt something!
Something hits you but does no damage.
You slice something!!
You hear some strange, mumbled words.
You are confused.
An orc warrior comes into view. It is wielding a glaive.
Unknown command.
You bump into the rock wall.
Something hits you.
* * * LOW HITPOINT WARNING * * *
Something burns you.
* * * LOW HITPOINT WARNING * * *
The orc warrior hits you from afar with a glaive!!
* * * LOW HITPOINT WARNING * * *
An orc comes into view. It is wielding a short sword.
You bump into the rock wall.
Something hits you but does no damage.
The orc warrior hits you from afar with a glaive!
You die...

##. .. #.# .#
##.. .. ... .#
######.######.#
......FZO{@.o.#
#####.5####o.#
##.## #..# #..#
#..# ##.###..#
#####..##.$#
#.......#..####
#.####O.[...(.#
#..#..##.#


You could see an orc warrior, an ogre, a giant frog, a crimson imp, an orc and a
wyvern skeleton.

Vanquished Creatures
  The ghost of Musteatbrain the Skirmisher, a novice DsFi of Qazlal (D:8)
  A troll (D:9)
  Sigmund (D:4)
  7 yaks (D:8)
  2 hungry ghosts
  A deep elf fighter (D:8)
  A water moccasin (D:8)
  4 porcupines (D:8)
  A black bear (D:9)
  2 orc warriors
  An ogre (D:8)
  The ghost of Musteatbrain the Skirmisher, an amateur DsFi (D:4)
  A sky beast (D:5)
  3 phantoms
  2 centaurs
  2 crocodiles (D:8)
  A necrophage (D:9)
  Blork the orc (D:6)
  2 giant frogs
  A water moccasin zombie (D:8)
  4 killer bees (D:9)
  A scorpion (D:6)
  A centaur zombie (D:6)
  4 giant frog zombies
  4 worker ants
  2 centaur skeletons
  5 hounds
  A jelly (D:6)
  An orc priest (D:5)
  A giant frog skeleton (D:5)
  3 iguanas
  Terence (D:2)
  6 orc wizards
  Robin (D:2)
  12 adders
  8 gnolls
  6 shadow imps
  2 river rats (D:8)
  5 oozes
  An adder zombie (D:6)
  A worm (D:2)
  27 orcs
  7 giant cockroaches
  17 goblins
  14 hobgoblins
  7 kobolds
  9 quokkas
  A ball python (D:3)
  3 bats
  6 giant geckos
  A giant gecko skeleton (D:4)
  7 giant newts
  6 jackals
  A jackal zombie (D:5)
  3 quokka skeletons
  7 rats
222 creatures vanquished.

Notes
Turn   | Place    | Note
--------------------------------------------------------------
     0 | D:1      | Peloso the Minotaur Fighter began the quest for the Orb.
     0 | D:1      | Reached XP level 1. HP: 19/19 MP: 0/0
    89 | D:1      | Reached XP level 2. HP: 27/27 MP: 1/1
   108 | D:1      | Reached skill level 4 in Fighting
   498 | D:2      | You fall through a shaft for 2 floors!
   546 | D:4      | Reached XP level 3. HP: 30/33 MP: 2/2
   665 | D:4      | Reached XP level 4. HP: 37/41 MP: 3/3
   798 | D:4      | Noticed Sigmund
   805 | D:4      | Killed Sigmund
   805 | D:4      | Reached skill level 5 in Fighting
   805 | D:4      | Reached skill level 1 in Dodging
   805 | D:4      | Reached XP level 5. HP: 38/48 MP: 4/4
  1006 | D:4      | Identified Asut's Guide on Ignition and Conjuration
  1027 | D:4      | Noticed Musteatbrain's ghost (amateur DsFi)
  1035 | D:4      | Killed Musteatbrain's ghost
  1035 | D:4      | Reached skill level 5 in Armour
  1035 | D:4      | Reached skill level 5 in Shields
  1035 | D:4      | Reached XP level 6. HP: 54/56 MP: 5/5
  1563 | D:3      | Noticed a fire elemental
  1565 | D:3      | Found a stormy altar of Qazlal.
  1566 | D:3      | Noticed an air elemental
  1566 | D:3      | Noticed a water elemental
  1926 | D:5      | Entered Level 5 of the Dungeon
  1944 | D:5      | Reached XP level 7. HP: 45/61 MP: 6/6
  2011 | D:5      | Found a shimmering altar of Xom.
  2012 | D:5      | Found a glowing golden altar of the Shining One.
  2016 | D:5      | Found a blossoming altar of Fedhas.
  2054 | D:5      | Reached skill level 5 in Long Blades
  2501 | D:5      | Reached skill level 6 in Armour
  2726 | D:5      | Found a deep blue altar of Sif Muna.
  3082 | D:2      | Found a shattered altar of Ashenzari.
  3183 | D:2      | Noticed Robin
  3198 | D:2      | Noticed Terence
  3212 | D:2      | Killed Terence
  3220 | D:2      | Killed Robin
  3864 | D:4      | Reached XP level 8. HP: 70/70 MP: 7/7
  3984 | D:6      | Found a bloodstained altar of Trog.
  4068 | D:6      | Noticed Blork the orc
  4079 | D:6      | Killed Blork the orc
  4213 | D:6      | Reached skill level 7 in Shields
  4243 | D:6      | Found a sparkling altar of Nemelex Xobeh.
  4296 | D:6      | Found a glowing silver altar of Zin.
  4423 | D:6      | Found a staircase to the Ecumenical Temple.
  4436 | Temple   | Entered the Ecumenical Temple
  4742 | D:7      | Found a white marble altar of Elyvilon.
  4746 | D:7      | Reached skill level 8 in Long Blades
  4929 | D:7      | Reached XP level 9. HP: 74/79 MP: 8/8
  5177 | D:7      | Found a stormy altar of Qazlal.
  5177 | D:7      | Found an iron altar of Okawaru.
  5180 | D:7      | Became a worshipper of Warmaster Okawaru
  5572 | D:8      | Noticed Musteatbrain's ghost (novice DsFi)
  5600 | D:8      | Killed Musteatbrain's ghost
  5600 | D:8      | Reached skill level 9 in Long Blades
  5820 | D:8      | Reached * piety under Okawaru
  5869 | D:8      | Reached ** piety under Okawaru
  5878 | D:8      | Reached XP level 10. HP: 49/90 MP: 9/9
  5898 | D:8      | Found a staircase to the Lair.
  6266 | D:8      | Reached skill level 10 in Long Blades
  6481 | D:8      | Found a shadowy altar of Dithmenos.
  6491 | D:8      | Found a sacrificial altar of Ru.
  6551 | D:8      | Reached *** piety under Okawaru
  7108 | D:9      | Noticed Erica
  7131 | D:9      | Mangled by an orc warrior

Action                   |  1- 3 |  4- 6 |  7- 9 | 10-12 || total
-------------------------+-------+-------+-------+-------++-------
Melee: Long sword        |    64 |   123 |   443 |   152 ||   782
Throw: Tomahawk          |       |     2 |       |       ||     2
Invok: Heroism           |       |       |     1 |     1 ||     2
Evoke: Wand              |       |       |     1 |       ||     1
  Use: Potion            |       |     1 |     2 |     2 ||     5
       Scroll            |       |       |    14 |     4 ||    18
 Stab: Distracted        |       |       |     1 |       ||     1
  Eat: Chunk             |       |     4 |    13 |     3 ||    20
       Beef jerky        |       |       |     1 |     2 ||     3
